 Dungeon Crawl Stone Soup version 0.31.0-11-ge490571c62 (webtiles) character file.

Game seed: 16685625419945589545

982 Mahakala the Cleaver (level 7, 0/61 HPs)
             Began as a Minotaur Berserker on Jan 30, 2024.
             Was a Priest of Trog.
             Succumbed to a kobold brigand's poison
             ... on level 5 of the Dungeon.
             The game lasted 00:14:41 (4217 turns).

Mahakala the Cleaver (Minotaur Berserker)           Turns: 4217, Time: 00:14:41

Health: 0/61       AC: 11    Str: 22    XL:     7   Next: 96%
Magic:  6/6        EV:  9    Int:  6    God:    Trog [***...]
Gold:   109        SH:  0    Dex:  9    Spells: 6/6 levels left

rFire   . . .        j - +0 war axe
rCold   . . .        (no shield)
rNeg    + . .        i - +0 chain mail
rPois   .            (helmet restricted)
rElec   .            (no cloak)
rCorr   .            r - +0 pair of gloves
SInv    .            (no boots)
Will    +....        (no amulet) Stlth
                     d - ring of positive energy
HPRegen 0.30/turn    (no ring)
MPRegen 0.10/turn

%: no passive effects
@: lethally poisoned (0 -> -9), on berserk cooldown, enlightened, flying,
slowed, very slow
A: horns 2, retaliatory headbutt
a: Renounce Religion, Berserk, Trog's Hand


You were on level 5 of the Dungeon.
You worshipped Trog.
Trog was most pleased with you.
You visited 1 branch of the dungeon, and saw 5 of its levels.

You collected 109 gold pieces.

Inventory:

Hand Weapons
 a - a +0 hand axe
 j - a +0 war axe (weapon)
Missiles
 c - 34 stones (quivered)
Armour
 i - a +0 chain mail (worn)
 r - a +0 pair of gloves (worn)
Jewellery
 d - a ring of positive energy (left hand)
Scrolls
 b - a scroll of blinking {unknown}
 e - a scroll of teleportation {unknown}
 f - 4 scrolls of amnesia {unknown}
 g - a scroll of butterflies {unknown}
 h - a scroll of vulnerability {unknown}
 k - a scroll of silence {unknown}
 l - 6 scrolls of identify {unknown}
 p - 2 scrolls of immolation {unknown}
Potions
 m - a potion of enlightenment
 n - a potion of haste {unknown}
 o - a potion of brilliance {unknown}
 q - a potion of heal wounds {unknown}
 s - a potion of invisibility {unknown}
 t - a potion of might {unknown}
 u - a potion of lignification {unknown}


   Skills:
 + Level 5.3 Fighting
 - Level 10.0 Axes
 - Level 5.0 Armour
 - Level 2.1 Dodging


You had 6 spell levels left.
You didn't know any spells.
Your spell library was empty.

Dungeon Overview and Level Annotations

Branches:
Dungeon (5/15)
 Temple: D:4-7

Altars:
Dithmenos
Makhleb
Okawaru
Qazlal

Annotations:
D:4 pikel with elec whip!, Crazy Yiuf; Pikel; solopath's ghost, amateur OnBe


Innate Abilities, Weirdness & Mutations

You have a pair of horns on your head.
You reflexively headbutt those who attack you in melee.


Message History

The kobold closely misses you.
You slash the kobold brigand!
You kill the kobold brigand!
Trog accepts your kill.
You barely miss the kobold.
* * * LOW HITPOINT WARNING * * *
You feel extremely sick.
The kobold hits you with a +0 short sword.
* * * LOW HITPOINT WARNING * * *
Training target 10.0 for Axes reached!
Your Axes skill increases to level 10!
You need to enable at least one skill for training.
You closely miss the kobold. Your headbutt misses the kobold.
* * * LOW HITPOINT WARNING * * *
You feel extremely sick.
The kobold hits you with a +0 short sword.
* * * LOW HITPOINT WARNING * * *
A kobold brigand comes into view.
It is wielding a +0 dagger and quivering curare-tipped darts.
The kobold brigand shouts!
You slash the kobold!
You kill the kobold!
Trog accepts your kill.
* * * LOW HITPOINT WARNING * * *
You feel very sick.
* * * LOW HITPOINT WARNING * * *
You feel very sick.
There is an open door here.
You feel a strong urge to attack something.
* * * LOW HITPOINT WARNING * * *
You feel very sick.
You slam the door shut with a bang!
You are no longer berserk.
You are exhausted.
You feel as though you will be slow longer.
* * * LOW HITPOINT WARNING * * *
You feel very sick.
It was a potion of enlightenment.
You feel very buoyant.
You fly up into the air.
You die...

#.....#.. #.....#..
#.....'.......
#.....#.......
#####.....#.......
#...#.....#.......
#...#.....#.......
#.).+.....#.......
.......)#@....#.......
.###.''###....'...>...
#... ##...#.......
#.... #...#.......
#+#### #...K.
#...######## #....#
#..... #...# ##....#
#..... #...# '.....#
#...# #.....# ##..#


There were no monsters in sight!

Vanquished Creatures
  Sigmund (D:4)
  2 ogres
  A phantom (D:4)
  4 lemures (D:4)
  A kobold brigand (D:5)
  A jelly (D:5)
  A bombardier beetle (D:5)
  An orc priest (D:3)
  4 hounds
  An iguana (D:5)
  4 orc wizards (D:3)
  9 adders
  4 dart slugs
  2 ribbon worms (D:2)
  9 orcs (D:3)
  7 ball pythons
  4 bats
  5 endoplasms
  3 giant cockroaches
  4 goblins
  7 hobgoblins
  4 jackals
  7 kobolds
  5 quokkas
  2 frilled lizards (D:1)
  8 rats
101 creatures vanquished.

Notes
Turn   | Place    | Note
-------+----------+-------------------------------------------
     0 | D:1      | Mahakala the Minotaur Berserker began the quest for the
                  | Orb.
     0 | D:1      | Reached XP level 1. HP: 19/19 MP: 0/0
   110 | D:1      | Reached skill level 4 in Axes
   209 | D:1      | Reached XP level 2. HP: 25/26 MP: 1/1
   714 | D:1      | Reached ** piety under Trog
   753 | D:2      | Reached skill level 5 in Axes
   753 | D:2      | Reached XP level 3. HP: 31/31 MP: 2/2
   952 | D:2      | Noticed a shining eye
   957 | D:2      | Found a faded altar of an unknown god.
   961 | D:2      | Noticed a glass eye
   962 | D:2      | Noticed an eye of devastation
   962 | D:2      | Noticed a glass eye
  1389 | D:3      | Found a shadowy altar of Dithmenos.
  1398 | D:3      | Reached skill level 6 in Axes
  1398 | D:3      | Reached XP level 4. HP: 39/39 MP: 3/3
  1610 | D:3      | Reached XP level 5. HP: 26/45 MP: 4/4
  1770 | D:3      | Reached skill level 7 in Axes
  1829 | D:3      | Reached *** piety under Trog
  2513 | D:3      | Found a burning altar of Makhleb.
  2522 | D:3      | Found a stormy altar of Qazlal.
  2630 | D:4      | Found a runed translucent door.
  2631 | D:4      | Noticed solopath's ghost (amateur OnBe)
  2659 | D:4      | Reached XP level 6. HP: 51/51 MP: 5/5
  2815 | D:4      | Reached skill level 5 in Armour
  2890 | D:4      | Noticed Pikel
  3001 | D:4      | Found a runed translucent door.
  3002 | D:4      | Noticed Crazy Yiuf
  3037 | D:4      | Noticed Sigmund
  3041 | D:4      | Killed Sigmund
  3042 | D:4      | Reached skill level 8 in Axes
  3152 | D:4      | Reached skill level 5 in Fighting
  3152 | D:4      | Reached XP level 7. HP: 51/61 MP: 6/6
  3471 | D:4      | Found an iron altar of Okawaru.
  3680 | D:5      | Entered Level 5 of the Dungeon
  3732 | D:5      | Reached skill level 9 in Axes
  3816 | D:5      | HP: 1/91 [ogre/+0 giant club (17)]
  4212 | D:5      | Reached skill level 10 in Axes
  4216 | D:5      | HP: 2/61 [poisoned by a kobold brigand]
  4217 | D:5      | Succumbed to a kobold brigand's poison

Illustrated notes

Levels and vault maps discovered:
D:1:      dpeg_arrival_court, layout_basic
D:2:      layout_loops_ring, hellmonk_ecumenical_altar_watching_god
D:3:      layout_loops_corners, grunt_dithmenos_smoke,
          mainiacjoe_overflow_swirl, dreamdust_princess_corridor
D:4:      layout_loops_ring, okawaru_ov_weapons_minmay, ebering_ghost_sewer_d,
          minmay_misc_feat_diagonals, minmay_misc_feat_rows, uniq_sigmund,
          uniq_crazy_yiuf_cottage, uniq_pikel
D:5:      cheibrodos_fertilizer, layout_gridville, grunt_ministairs_10

Skill      XL: |  1  2  3  4  5  6  7 |
---------------+----------------------+-----
Axes           | 4 5 6 7 8 10 | 10.0
Armour         | 3 4 5 |  5.0
Fighting       | 5 |  5.3
Dodging        | |  2.1

Action                     |  1- 3 |  4- 6 |  7- 9 || total
---------------------------+-------+-------+-------++-------
  Melee: Hand axe          |    96 |   143 |    29 ||   268
         Headbutt          |    13 |    22 |    12 ||    47
         War axe           |       |       |    24 ||    24
 Invoke: Trog's Hand       |     1 |     2 |       ||     3
         Berserk           |     1 |     1 |     3 ||     5
    Use: Potion            |       |       |     1 ||     1
 Armour: Animal skin       |     5 |       |       ||     5
         Chain mail        |    39 |   111 |    32 ||   182
         Leather armour    |     4 |       |       ||     4
  Dodge: Dodged            |    51 |    49 |    13 ||   113
